 Dungeon Crawl Stone Soup version 0.21-a0-442-g848f44b (webtiles) character file.

3033 slep the Cudgeler (level 9, -15/67 (68) HPs)
             Began as a Demonspawn Monk on Nov 14, 2017.
             Was a High Priest of Okawaru.
             Killed by divine providence
             ... invoked by an orc priest
              (16 damage)
             ... on level 8 of the Dungeon.
             The game lasted 00:32:02 (5421 turns).

slep the Cudgeler (Demonspawn Monk)                 Turns: 5421, Time: 00:32:03

HP:   -15/67 (68)   AC: 11    Str: 14    XL:     9   Next: 56%
MP:   9/9           EV: 15    Int: 12    God:    Okawaru [*****.]
Gold: 416           SH:  8    Dex: 16    Spells: 8/8 levels left

rFire    . . .     SeeInvis .   a - +0 falchion
rCold    . . .     Gourm    .   (no shield)
rNeg     . . .     Faith    .   S - +2 leather armour {rPois}
rPois    +         Spirit   .   (no helmet)
rElec    .         Reflect  +   Q - +1 cloak
rCorr    .         Harm     .   r - +0 pair of gloves (curse)
MR       .....                  (no boots)
Stlth    +++.......             I - brooch of Shielding {Reflect SH+8}
HPRegen  0.21/turn              (no ring)
MPRegen  0.11/turn              (no ring)

@: no status effects
A: claws 1, slimy green scales 2, demonic guardian 1, spiny 1
a: Heroism, Finesse, Renounce Religion


You were on level 8 of the Dungeon.
You worshipped Okawaru.
Okawaru was extremely pleased with you.
You were hungry.

You visited 1 branch of the dungeon, and saw 8 of its levels.

You collected 416 gold pieces.

Inventory:

Hand Weapons
 a - a +0 falchion (weapon)
 v - a +1 halberd of freezing
 w - a +0 dagger of holy wrath
 A - a +0 flail of protection
 M - a +0 rapier of venom
Missiles
 z - 10 tomahawks (quivered)
 P - 5 tomahawks of returning
Armour
 b - a +0 robe
 k - a +0 leather armour
 r - a cursed +0 pair of gloves (worn)
 t - a +0 scale mail
 B - a +0 cloak
 C - a +2 pair of gloves
 F - a +2 robe
 Q - a +1 cloak (worn)
 S - a +2 leather armour of poison resistance (worn)
Magical Staves
 R - an uncursed staff of summoning
Jewellery
 f - an uncursed amulet of rage
 I - the brooch of Shielding (around neck) {Reflect SH+8}
   (You found it on level 5 of the Dungeon)

   [amulet of reflection]

   It shields you and reflects attacks.
   It affects your SH (+8).
Wands
 K - a wand of scattershot (3/9)
 L - a wand of clouds (5/9)
 V - a wand of lightning (2/15)
Scrolls
 d - 6 scrolls of identify {unknown}
 g - 3 scrolls of fog {unknown}
 i - a scroll of fear {unknown}
 n - 2 scrolls of enchant weapon {unknown}
 p - 4 scrolls of immolation {unknown}
 q - a scroll of enchant armour {unknown}
 s - a scroll of amnesia {unknown}
 u - 3 scrolls of remove curse {unknown}
 x - 3 scrolls of teleportation {unknown}
 y - a scroll of magic mapping {unknown}
 E - 2 scrolls of blinking {unknown}
 J - 2 scrolls of recharging {unknown}
 O - a scroll of noise {unknown}
Potions
 e - 3 potions of flight {unknown}
 h - 3 potions of magic {unknown}
 j - 3 potions of haste {unknown}
 m - 3 potions of resistance {unknown}
 o - 3 potions of curing
 D - 2 potions of heal wounds {unknown}
 G - 2 potions of brilliance {unknown}
 N - a potion of cancellation {unknown}
 T - a potion of ambrosia {unknown}
Comestibles
 c - 5 bread rations
 l - a fruit
 H - 2 meat rations
 U - a chunk of flesh


   Skills:
 + Level 5.4 Fighting
 + Level 3.9 Long Blades
 + Level 5.9 Maces & Flails
 + Level 5.4 Polearms
 + Level 4.0 Armour
 + Level 5.6 Dodging
 + Level 4.2 Stealth


You had 8 spell levels left.
You didn't know any spells.

Dungeon Overview and Level Annotations

Branches:
Dungeon (8/15)             Temple (0/1) D:6
   Lair: D:8-11

Altars:
Ashenzari
Dithmenos
Elyvilon
Fedhas
Gozag
Kikubaaqudgha
Makhleb
Nemelex Xobeh
Okawaru
Ru
Trog
Uskayaw
Xom
Yredelemnul
Zin
The Shining One

Shops:
D:4 }


Innate Abilities, Weirdness & Mutations

You have sharp fingernails.
You are mostly covered in slimy green scales. (AC +3)
A weak demonic guardian rushes to your aid.
You are partially covered in sharp spines.


Message History

You block the orc warrior's attack.
The orc priest mumbles some strange prayers to Beogh against you.
Beogh smites you!
* * * LOW HITPOINT WARNING * * *
You hit the orc warrior but do no damage.
The orc warrior is heavily wounded.
The orc warrior is struck by your spines.
The orc warrior barely misses you.
You swap places.
The orc warrior hits your iron imp with a hand axe!
Your iron imp dies!
You swap places.
The orc warrior closely misses your ufetubus.
The orc priest calls down the wrath of Beogh upon you.
Beogh smites you!
* * * LOW HITPOINT WARNING * * *
Your ufetubus barely misses the orc warrior. x2
The orc priest mumbles some strange prayers to Beogh against you.
Beogh smites you!
You die...

###### #####.o..#####
#..o..oo##8_8#
#.###o#o##...#
#.#5##...# #.#5###.##
..#5@....# # ###.[....#
#. #......# ##'#
.......#....# #
##...#########....##.#
##.....## ##.......#
##.......## ##......###
##.........####......##
.'.........'........##


You could see an orc warrior, 2 orc priests, an orc and 3 friendly ufetubi.

Vanquished Creatures
  Pikel (D:4)
  Joseph (D:7)
  A phantom (D:6)
  An ice beast (D:5)
  A sky beast (D:5)
  3 ogres
  A necrophage (D:7)
  A centaur (D:7)
  2 bullfrogs
  A wyvern skeleton (D:7)
  A scorpion (D:6)
  3 howler monkeys
  2 crimson imps
  2 orc priests
  2 jellies
  A centaur skeleton (D:4)
  Ijyb (D:5)
  3 orc wizards
  3 worker ants
  A hound skeleton (D:4)
  3 gnolls (D:2)
  10 adders
  A shadow imp (D:8)
  An ooze (D:4)
  2 adder skeletons
  3 worms
  3 dart slugs
  3 leopard geckos
  25 orcs
  2 giant cockroaches
  6 goblins
  5 hobgoblins
  3 jackals (D:1)
  3 kobolds
  6 quokkas
  A ball python (D:7)
  5 bats (D:3)
  3 frilled lizards
  7 rats
  A plant (D:2)
125 creatures vanquished.

Vanquished Creatures (collateral kills)
  A hippogriff (D:6)
  The ghost of slep the Slasher, an amateur DsMo (D:3)
  Menkaure (D:7)
  2 ice beasts
  A phantom (D:6)
  A bullfrog (D:6)
  2 crimson imps
  2 orc wizards
  A worker ant (D:6)
  2 adders (D:7)
  A gnoll (D:2)
  6 orcs
  2 goblins (D:3)
  A hobgoblin (D:3)
  A quokka (D:4)
  A frilled lizard (D:3)
26 creatures vanquished.

Vanquished Creatures (others)
  2 howler monkeys (D:7)
  A hound (D:4)
  A plant (D:2)
4 creatures vanquished.

Grand Total: 155 creatures vanquished

Notes
Turn   | Place    | Note
-------+----------+-------------------------------------------
     0 | D:1      | slep the Demonspawn Monk began the quest for the Orb.
     0 | D:1      | Reached XP level 1. HP: 18/18 MP: 1/1
    92 | D:1      | Gained mutation: A weak demonic guardian rushes to your aid. [demonic ancestry]
    92 | D:1      | Reached XP level 2. HP: 15/24 MP: 2/2
   650 | D:2      | Noticed a crimson imp
   678 | D:2      | Killed a crimson imp
   678 | D:2      | Gained mutation: You are partially covered in slimy green scales. (AC +2) [demonic ancestry]
   678 | D:2      | Reached XP level 3. HP: 26/29 MP: 3/3
   783 | D:2      | Found a blossoming altar of Fedhas.
  1222 | D:2      | Gained mutation: You have sharp fingernails. [demonic ancestry]
  1222 | D:2      | Reached XP level 4. HP: 26/35 MP: 4/4
  1419 | D:2      | Reached skill level 1 in Armour
  1583 | D:3      | Noticed an ice beast
  1593 | D:3      | Killed an ice beast
  1593 | D:3      | Reached XP level 5. HP: 41/41 MP: 5/5
  1725 | D:3      | Reached skill level 1 in Polearms
  1778 | D:3      | Found a shadowy altar of Dithmenos.
  1841 | D:3      | Noticed slep's ghost (amateur DsMo)
  1843 | D:3      | Found an iron altar of Okawaru.
  1843 | D:3      | Found a shattered altar of Ashenzari.
  1854 | D:3      | Killed slep's ghost
  1854 | D:3      | Gained mutation: You are mostly covered in slimy green scales. (AC +3) [demonic ancestry]
  1854 | D:3      | Reached XP level 6. HP: 20/47 MP: 6/6
  1861 | D:3      | Became a worshipper of Warmaster Okawaru
  1861 | D:3      | Reached * piety under Okawaru
  1861 | D:3      | Reached ** piety under Okawaru
  1864 | D:3      | Found an ancient bone altar of Kikubaaqudgha.
  1864 | D:3      | Found a hide-covered altar of Uskayaw.
  1865 | D:3      | Found a sacrificial altar of Ru.
  1867 | D:3      | Found a shimmering altar of Xom.
  1868 | D:3      | Found a glowing golden altar of the Shining One.
  1869 | D:3      | Found a white marble altar of Elyvilon.
  2078 | D:3      | Found a faded altar of an unknown god.
  2471 | D:4      | Found Osoybiets's Gadget Shoppe.
  2559 | D:4      | Reached XP level 7. HP: 41/53 MP: 7/7
  2657 | D:4      | Noticed Pikel
  2677 | D:4      | Killed Pikel
  2677 | D:4      | Reached *** piety under Okawaru
  2819 | D:4      | Gained mutation: You are partially covered in sharp spines. [demonic ancestry]
  2819 | D:4      | Reached XP level 8. HP: 53/60 MP: 8/8
  2939 | D:5      | Entered Level 5 of the Dungeon
  2979 | D:5      | Found a basalt altar of Yredelemnul.
  2993 | D:5      | Found the brooch of Shielding {Reflect SH+8}
  3001 | D:5      | Reached skill level 5 in Polearms
  3140 | D:5      | Reached **** piety under Okawaru
  3204 | D:5      | Reached skill level 1 in Maces & Flails
  3264 | D:5      | Noticed Ijyb
  3281 | D:5      | Killed Ijyb
  3686 | D:6      | Found a staircase to the Ecumenical Temple.
  3807 | D:6      | Noticed a hippogriff
  3815 | D:6      | Killed a hippogriff
  3919 | D:6      | Reached skill level 5 in Dodging
  3920 | D:6      | Found a burning altar of Makhleb.
  3924 | D:6      | Found a glowing silver altar of Zin.
  3924 | D:6      | Noticed an angel
  3924 | D:6      | Noticed a blizzard demon
  4085 | D:6      | Reached XP level 9. HP: 66/66 MP: 9/9
  4191 | D:6      | Found a sparkling altar of Nemelex Xobeh.
  4383 | D:7      | Reached skill level 5 in Maces & Flails
  4391 | D:7      | Noticed Menkaure
  4398 | D:7      | Killed Menkaure
  4398 | D:7      | Reached ***** piety under Okawaru
  4590 | D:7      | Found a bloodstained altar of Trog.
  4722 | D:7      | Reached skill level 5 in Fighting
  4893 | D:7      | Noticed Joseph
  4903 | D:7      | Killed Joseph
  5329 | D:8      | Found an opulent altar of Gozag.
  5420 | D:8      | HP: 1/67 [orc priest/divine providence (13)]
  5421 | D:8      | Killed from afar by an orc priest

Vault maps used:
D:1:      ncdulo_halloftheorcs
D:2:      first_bread, serial_forest, infiniplex_forest_lined_ring,
          infiniplex_forest_lined_3, infiniplex_forest_side_room,
          infiniplex_forest_side_room, infiniplex_forest_clump_cross,
          fedhas_altar_3
D:3:      lemuel_coloured_pillars_altar, minitemple,
          chequers_ecumenical_altar_island
D:4:      serial_shops, shop, kennysheep_minor_cross, uniq_pikel
D:5:      basic_altar, minmay_misc_feat_roman, uniq_ijyb
D:6:      grunt_temple_overflow_order_and_chaos_2, temple_statues,
          dk_noncrumbling_4, nemelex_spade_bored_becter
D:7:      kennysheep_mini, uniq_joseph, uniq_menkaure
D:8:      lemuel_upstairs_altar, grunt_gozag_breadcrumbs

Skill      XL: |  1  2  3  4  5  6  7  8  9 |
---------------+----------------------------+-----
Dodging        | 3 4 5 |  5.6
Long Blades    | 3 |  3.9
Stealth        | 2 3 4 |  4.2
Armour         | 1 2 3 4 |  4.0
Polearms       | 2 3 4 5 |  5.4
Fighting       | 4 5 |  5.4
Maces & Flails | 4 5 |  5.9

Action                   |  1- 3 |  4- 6 |  7- 9 || total
-------------------------+-------+-------+-------++-------
Melee: Falchion          |    80 |     7 |    28 ||   115
       Halberd           |       |   172 |    29 ||   201
       Flail             |       |       |   215 ||   215
 Stab: Sleeping          |     2 |       |     5 ||     7
       Distracted        |       |       |     3 ||     3
  Eat: Chunk             |       |     6 |     9 ||    15
Armor: Robe              |     2 |       |    70 ||    72
       Leather armour    |     3 |       |       ||     3
       Scale mail        |     7 |    96 |    17 ||   120
       Skin              |       |       |     1 ||     1
Dodge: Dodged            |    56 |   111 |   160 ||   327
Block: Other             |       |       |    88 ||    88
       Reflection        |       |       |     3 ||     3
       Rpst.: Falchion   |    18 |     3 |     3 ||    24

Table legend:
 A = Spawn XP
 B = Non-spawn XP
 C = Spawn XP percentage of total XP
 D = Spawn monster count
 E = Non-spawn monster count
 F = Spawn count percentage of total count
 G = Total turns spent on level
                    A         B        C        D         E        F      G
               +---------+---------+-------+---------+---------+-------+---------
         Total |       0 |    4333 |   0.0 |       0 |     151 |   0.0 |  5421
               +---------+---------+-------+---------+---------+-------+---------
           D:1 |       0 |      23 |   0.0 |       0 |      12 |   0.0 |   422
           D:2 |       0 |     122 |   0.0 |       0 |      14 |   0.0 |  1086
           D:3 |       0 |     369 |   0.0 |       0 |      35 |   0.0 |   893
           D:4 |       0 |     926 |   0.0 |       0 |      23 |   0.0 |   538
           D:5 |       0 |     609 |   0.0 |       0 |      13 |   0.0 |   747
           D:6 |       0 |    1090 |   0.0 |       0 |      32 |   0.0 |   641
           D:7 |       0 |    1086 |   0.0 |       0 |      18 |   0.0 |   781
           D:8 |       0 |     108 |   0.0 |       0 |       4 |   0.0 |   313
               +---------+---------+-------+---------+---------+-------+---------
